 Dungeon Crawl Stone Soup version 0.28.0-45-g0d030f2227 (webtiles) character file.

Game seed: 3980388980740278737

840 CryoSword the Skirmisher (level 8, -1/64 HPs)
             Began as a Formicid Fighter on Apr 8, 2022.
             Slain by a wyvern zombie (8 damage)
             ... on level 6 of the Dungeon.
             The game lasted 00:09:35 (6785 turns).

CryoSword the Skirmisher (Formicid Fighter)         Turns: 6785, Time: 00:09:35

Health: -1/64      AC:  8    Str: 20    XL:     8   Next: 19%
Magic:  8/8        EV: 10    Int:  9    God:
Gold:   172        SH:  5    Dex: 12    Spells: 7/7 levels left

rFire   . . .      SeeInvis +   a - +2 hand axe (elec)
rCold   . . .      Faith    .   c - +0 buckler
rNeg    . . .      Spirit   .   b - +0 scale mail
rPois   .          Reflect  .   (helmet unavailable)
rElec   .          Harm     .   (no cloak)
rCorr   .          Rampage  .   (no gloves)
Will    .....                   g - +0 pair of boots
Stlth   ..........              (no amulet)
HPRegen 0.20/turn               (no ring)
MPRegen 0.11/turn               (no ring)

@: no status effects
A: permanent stasis, dig shafts and tunnels, antennae 3, four strong arms
a: Dig, Shaft Self


You were on level 6 of the Dungeon.
You visited 1 branch of the dungeon, and saw 6 of its levels.

You collected 172 gold pieces.

Inventory:

Hand Weapons
 a - a +2 hand axe of electrocution (weapon)
   (You took it off an orc on level 5 of the Dungeon)
 w - a +0 quarterstaff
Missiles
 e - 3 boomerangs
 h - 9 poisoned darts (quivered)
 l - a throwing net
 q - 6 curare-tipped darts
Armour
 b - a +0 scale mail (worn)
 c - a +0 buckler (worn)
 g - a +0 pair of boots (worn)
   (You found it on level 1 of the Dungeon)
Scrolls
 i - a scroll of summoning {unknown}
 j - a scroll of torment {unknown}
 k - a scroll of magic mapping
 p - a scroll of teleportation {unknown}
 x - a scroll of enchant weapon
 y - a scroll of acquirement {unknown}
 A - a scroll of silence {unknown}
 B - a scroll of enchant armour {unknown}
Potions
 d - a potion of might
 f - 2 potions of flight {unknown}
 m - a potion of cancellation {unknown}
 o - a potion of curing {unknown}
 t - 2 potions of mutation {!q}
 u - a potion of lignification {unknown}
 v - a potion of brilliance {unknown}
 z - a potion of resistance {unknown}


   Skills:
 * Level 6.1 Fighting
 * Level 5.0 Staves
 + Level 4.9 Armour
 + Level 2.5 Dodging
 + Level 5.2 Shields


You had 7 spell levels left.
You didn't know any spells.
Your spell library was empty.

Dungeon Overview and Level Annotations

Branches:
Dungeon (6/15)
 Temple: D:4-7

Altars:
Nemelex Xobeh
Okawaru
Trog
Uskayaw
Xom
Zin
The Shining One

Shops:
D:2 [

Annotations:
D:5 exclusion: 2 doors


Innate Abilities, Weirdness & Mutations

You cannot be hasted, slowed, berserked, paralysed or teleported.
You can dig through walls and to a lower floor.
You have a pair of large antennae on your head. (SInv)
Your four strong arms can wield two-handed weapons with a shield.


Message History

The orc wizard shouts!
You block the gnoll's attack.
The orc wizard mumbles some strange words.
The orc wizard flickers and vanishes for a moment.
There is a stone staircase leading up, spattered with blood here.
The wyvern zombie bites you but does no damage.
You climb upwards.
Level annotation: exclusion: 2 doors
There is a stone staircase leading down here.
There is a stone staircase leading down here.
There is a stone staircase leading down here.
You climb downwards.
You hear the sound of rushing water.
There is an entrance to a sewer on this level.
Hurry and find it before the portal rusts away!
You hear the rusting of a very distant drain.
The adder hisses angrily.
The orc warrior shouts!
You hear a shout!
An orc comes into view. It is wielding a +0 flail.
Found a leather armour, a dagger, a fuming green potion and 16 gold pieces.
There is a stone staircase leading up here.
Unknown command.
You climb upwards.
Level annotation: exclusion: 2 doors
There is a stone staircase leading down here.
There is a stone staircase leading down here.
You climb downwards.
You hear the sound of rushing water.
There is an entrance to a sewer on this level.
Hurry and find it before the portal rusts away!
The gnoll shouts!
The orc warrior shouts!
The orc shouts!
The orc wizard shouts!
The wyvern zombie bites you but does no damage.
The orc wizard gestures at you while chanting.
The puff of flame hits you! The wyvern zombie bites you!
There is a stone staircase leading up, spattered with blood here.
Unknown command.
The wyvern zombie bites you. You block the orc's attack.
You climb upwards.
Level annotation: exclusion: 2 doors
There is a stone staircase leading down here.
You hit the orc but do no damage. You block the orc's attack.
You hit the orc. The orc hits you but does no damage.
You closely miss the orc. The orc closely misses you. x2
You hit the orc. Lightning courses through the orc!!
You kill the orc!
Things that are here:
a +0 club; a +0 chain mail; an orc corpse
There is a stone staircase leading down here.
You climb downwards.
You hear the sound of rushing water.
There is an entrance to a sewer on this level.
Hurry and find it before the portal rusts away!
You block the wyvern zombie's attack. You block the orc warrior's attack.
The wyvern zombie bites you but does no damage.
The orc warrior hits you with a +0 hand axe!
* * * LOW HITPOINT WARNING * * *
There is a stone staircase leading up, spattered with blood here.
The wyvern zombie closely misses you. The gnoll hits you but does no damage.
The orc wizard barely misses you.
The orc warrior hits you with a +0 hand axe!
* * * LOW HITPOINT WARNING * * *
You climb upwards.
Level annotation: exclusion: 2 doors
There is a stone staircase leading down here.
The orc wizard gestures wildly while chanting.
The orc wizard flickers and vanishes for a moment.
The orc warrior hits you with a +0 hand axe.
* * * LOW HITPOINT WARNING * * *
You hit the orc warrior.
Lightning courses through the orc warrior!
The orc warrior hits you with a +0 hand axe.
* * * LOW HITPOINT WARNING * * *
You feel much better.
The orc wizard hits you but does no damage.
The orc warrior hits you with a +0 hand axe.
* * * LOW HITPOINT WARNING * * *
You feel much better. You block the orc wizard's attack.
The orc warrior hits you with a +0 hand axe!
* * * LOW HITPOINT WARNING * * *
You hit the orc wizard.
You hit the orc warrior but do no damage.
The orc wizard hits you but does no damage.
The orc warrior hits you with a +0 hand axe!
* * * LOW HITPOINT WARNING * * *
The orc wizard gestures at you while chanting.
You easily resist.
You closely miss the orc wizard.
You hit the orc warrior but do no damage.
Lightning courses through the orc warrior!
The orc warrior hits you with a +0 hand axe!
* * * LOW HITPOINT WARNING * * *
The orc wizard hits you but does no damage.
The orc warrior barely misses you.
You feel much better. The orc wizard casts a spell at you.
The magic dart hits you.
* * * LOW HITPOINT WARNING * * *
The orc warrior hits you with a +0 hand axe.
* * * LOW HITPOINT WARNING * * *
You closely miss the orc wizard. You hit the orc warrior.
Lightning courses through the orc warrior!!
You kill the orc warrior!
The orc wizard hits you with a +0 dagger.
* * * LOW HITPOINT WARNING * * *
Your Fighting skill increases to level 6!
Your Staves skill increases to level 5!
You closely miss the orc wizard.
The orc wizard hits you but does no damage.
The orc wizard closely misses you.
You closely miss the orc wizard. You block the orc wizard's attack.
You barely miss the orc wizard. You block the orc wizard's attack.
You closely miss the orc wizard. The orc wizard casts a spell at you.
You are confused.
You're too confused to move!
The orc wizard barely misses you. The orc wizard barely misses you.
The orc wizard barely misses you. The orc wizard casts a spell at you.
You easily resist.
Things that are here:
a +0 hand axe; a +0 plate armour; an orc corpse You bump into the rock wall.
You feel less confused. You block the orc wizard's attack.
You slash the orc wizard!
Lightning courses through the orc wizard!
You kill the orc wizard!
Things that are here:
a +0 dagger; a +0 robe
Things that are here:
a +0 hand axe; a +0 plate armour; an orc corpse
There is a stone staircase leading down here.
You climb downwards.
You hear the sound of rushing water.
There is an entrance to a sewer on this level.
Hurry and find it before the portal rusts away!
You hear the brisk rusting of a very distant drain.
There is a stone staircase leading up here.
Found a halberd.
You see here a +0 ring mail.
The wyvern zombie bites you!
* * * LOW HITPOINT WARNING * * *
You hit the wyvern zombie but do no damage.
Lightning courses through the wyvern zombie!
The wyvern zombie bites you but does no damage.
The wyvern zombie closely misses you.
You slash the wyvern zombie! The wyvern zombie closely misses you.
The wyvern zombie bites you!
* * * LOW HITPOINT WARNING * * *
You barely miss the wyvern zombie.
The wyvern zombie bites you but does no damage.
You hit the wyvern zombie. The wyvern zombie bites you!
You die...

,,,,.............................
*,**..........#..................
*,,,..............[....###.......
***,#...............#### #.......
*,..........###.#...####.......
**,#........###.#.#...#........
#,#####...........##.....<....
##.#** #...........##..........
#....####....Z@.[.:...#........
**#..#..Z........................
,,.......<.#.##..##....##########
,,...#...#................,***
,,....................####,,,****
,,...######.............,,,,,,,,,
,,..,* *....#....)..###**,,****
*,#,,* **............# *,**
*,*,,****,,###...,,,,,** *,*


You could see a wyvern zombie.

Vanquished Creatures
  An orc warrior (D:5)
  An ogre (D:5)
  A scorpion (D:5)
  A bullfrog zombie (D:5)
  3 hounds (D:5)
  3 iguanas (D:5)
  3 orc wizards
  A scorpion zombie (D:5)
  2 hound skeletons
  Robin (D:3)
  6 gnolls
  9 adders
  A shadow imp (D:6)
  An ufetubus (D:2)
  An adder skeleton (D:4)
  2 dart slugs
  19 orcs
  4 bats
  5 endoplasms
  2 giant cockroaches
  5 hobgoblins
  11 kobolds
  2 quokkas (D:2)
  5 ball pythons
  2 frilled lizards
  21 goblins
  7 rats
120 creatures vanquished.

Notes
Turn   | Place    | Note
-------+----------+-------------------------------------------
     0 | D:1      | CryoSword the Formicid Fighter began the quest for the Orb.
     0 | D:1      | Reached XP level 1. HP: 18/18 MP: 1/1
     0 | D:1      | Noticed a merfolk zombie
     4 | D:1      | Noticed a minotaur zombie
     6 | D:1      | Noticed a merfolk zombie
     7 | D:1      | Noticed a demonspawn zombie
   168 | D:1      | Reached XP level 2. HP: 12/24 MP: 2/2
   191 | D:1      | Found a faded altar of an unknown god.
  1034 | D:2      | Reached XP level 3. HP: 27/30 MP: 3/3
  1362 | D:2      | Found Jamor's Antique Armour Emporium.
  1609 | D:2      | Reached XP level 4. HP: 25/37 MP: 4/4
  1853 | D:2      | Reached skill level 4 in Fighting
  2162 | D:1      | Reached skill level 1 in Dodging
  2862 | D:2      | Reached XP level 5. HP: 32/42 MP: 5/5
  3288 | D:3      | Noticed Robin
  3563 | D:3      | Killed Robin
  3911 | D:3      | Reached XP level 6. HP: 43/49 MP: 6/6
  3966 | D:3      | Found a stormy altar of Qazlal.
  3969 | D:3      | Found a shimmering altar of Xom.
  3969 | D:3      | Found a shimmering altar of Xom.
  3971 | D:3      | Found a glowing silver altar of Zin.
  3971 | D:3      | Found a hide-covered altar of Uskayaw.
  3971 | D:3      | Found an iron altar of Okawaru.
  4022 | D:3      | Identified the +3 kite shield of Teceisch {Harm rCorr Int+5
                  | Dex-5}
  4193 | D:3      | You fall into a shaft and drop 2 floors!
  4193 | D:5      | Entered Level 5 of the Dungeon
  4431 | D:4      | Reached skill level 5 in Fighting
  4459 | D:4      | Reached XP level 7. HP: 55/56 MP: 7/7
  5916 | D:5      | Found a sparkling altar of Nemelex Xobeh.
  5916 | D:5      | Found a bloodstained altar of Trog.
  5916 | D:5      | Found a glowing golden altar of the Shining One.
  5981 | D:5      | Reached skill level 5 in Shields
  6084 | D:5      | Noticed a shadow
  6413 | D:5      | Reached XP level 8. HP: 25/64 MP: 8/8
  6733 | D:5      | HP: 1/64 [orc warrior/+0 hand axe (5)]
  6741 | D:5      | Reached skill level 6 in Fighting
  6741 | D:5      | Reached skill level 5 in Staves
  6785 | D:6      | Slain by a wyvern zombie

Illustrated notes

Levels and vault maps discovered:
D:1:      shiori_arrival_whats_in_store_for_you, layout_loops_ring,
          hellmonk_ecumenical_altar_arch_garden, nicolae_figureground_pulse
D:2:      layout_loops_corners, serial_shops, nicolae_shop_behind_doors,
          minmay_3d_cube
D:3:      layout_loops_ring, doesnt_xom_only_xom, uniq_robin
D:4:      layout_basic, st_stairs_7
D:5:      minmay_clustersquares, layout_basic,
          chequers_temple_overflow_statue_of_worship
D:6:      layout_rooms, cheibrodos_sewer_entry_bend

Skill      XL: |  1  2  3  4  5  6  7  8 |
---------------+-------------------------+-----
Fighting       | 4 5 6 |  6.1
Dodging        | 1 2 |  2.5
Shields        | 4 5 |  5.2
Staves         | 3 4 5 |  5.0
Armour         | 4 |  4.9

Action                   |  1- 3 |  4- 6 |  7- 9 || total
-------------------------+-------+-------+-------++-------
Melee: Quarterstaff      |    76 |   123 |       ||   199
       Short sword       |       |    84 |   100 ||   184
       Hand axe          |       |       |    53 ||    53
Throw: Dart              |       |     3 |       ||     3
  Use: Scroll            |       |       |     5 ||     5
       Potion            |       |       |     3 ||     3
Armor: Scale mail        |    31 |   104 |    64 ||   199
Dodge: Dodged            |    45 |   106 |   100 ||   251
Block: Buckler           |    12 |    61 |    42 ||   115
